 Dungeon Crawl Stone Soup version 0.25-a0-886-gd7461d2276 (webtiles) character file.

Game seed: 8294181541187740206, levelgen mode: deterministic

9482 Brecoman the Skirmisher (level 11, 0/85 (86) HPs)
             Began as a Demonspawn Ice Elementalist on May 2, 2020.
             Was a Priest of Sif Muna.
             Killed from afar by Azrael (20 damage)
             ... with damnation
             ... on level 12 of the Dungeon.
             The game lasted 00:43:56 (13507 turns).

Brecoman the Skirmisher (DsIE)                     Turns: 13507, Time: 00:43:57

HP:   0/85 (86)     AC: 17    Str: 13    XL:     11   Next: 23%
MP:   0/22          EV: 13    Int: 20    God:    Sif Muna [***...]
Gold: 605           SH:  0    Dex: 13    Spells: 12/25 levels left

rFire    x . .     SeeInvis .     - Unarmed
rCold    + + .     Gourm    .   (no shield)
rNeg     . . .     Faith    .   y - +0 steam dragon scales
rPois    .         Spirit   +   E - +2 helmet
rElec    .         Reflect  .   n - +0 cloak
rCorr    +         Harm     .   F - +2 pair of gloves
MR       .....                  a - +2 pair of boots of the Shrike {rF+ rCorr Int+4}
Stlth    ++........             d - amulet of guardian spirit
HPRegen  0.24/turn              j - ring of ice
MPRegen  0.18/turn              p - ring of ice

@: frozen ramparts
A: claws 2, icy blue scales 1, demonic guardian 1, spiny 2
a: Channel Magic, Forget Spell, Renounce Religion


You were on level 12 of the Dungeon.
You worshipped Sif Muna.
Sif Muna was most pleased with you.
You were not hungry.

You visited 1 branch of the dungeon, and saw 12 of its levels.

You collected 605 gold pieces.

Inventory:

Missiles
 h - 414 stones
 H - 2 throwing nets (quivered)
Armour
 a - the +2 pair of boots of the Shrike (worn) {rF+ rCorr Int+4}
   (You found it on level 6 of the Dungeon)

   It affects your intelligence (+4).
   It protects you from fire.
   It provides partial protection from all sources of acid and corrosion.
 n - a +0 cloak (worn)
 y - +0 steam dragon scales (worn)
 E - a +2 helmet (worn)
 F - a +2 pair of gloves (worn)
 I - the +0 robe of Fun {+Fly rF+ Dex+3}
   (You found it on level 10 of the Dungeon)

   It affects your dexterity (+3).
   It protects you from fire.
   It lets you fly.
Jewellery
 b - an uncursed ring of flight
 d - an amulet of guardian spirit (around neck)
 j - a ring of ice (left hand)
 p - a ring of ice (right hand)
 t - an uncursed ring of positive energy
Wands
 f - a wand of digging (5)
 k - a wand of acid (6)
 u - a wand of random effects (18)
 w - a wand of polymorph (16)
Scrolls
 g - 3 scrolls of blinking
 m - 3 scrolls of remove curse
 q - 3 scrolls of fog
 v - a scroll of fear
 x - 2 scrolls of immolation
 C - a scroll of enchant armour
 D - a scroll of teleportation
 G - 2 scrolls of vulnerability
Potions
 e - a potion of stabbing
 i - a potion of ambrosia
 l - 2 potions of heal wounds
 o - 7 potions of flight
 r - 2 potions of mutation
 s - a potion of lignification
 z - a potion of cancellation {unknown}
 A - 2 potions of might
 B - 3 potions of curing
Comestibles
 c - 19 rations
 J - 23 chunks of flesh


   Skills:
 + Level 7.9 Fighting
 + Level 3.0 Dodging
 - Level 1.7 Stealth
 + Level 7.2 Unarmed Combat
 + Level 7.7 Spellcasting
 - Level 1.5 Hexes
 - Level 3.0 Charms
 - Level 3.0 Summonings
 - Level 7.4 Ice Magic
 - Level 7.7 Invocations


You had 12 spell levels left.
You knew the following spells:

 Your Spells              Type           Power        Failure   Level  Hunger
a - Freeze                Ice            ####         1%          1    None
b - Frozen Ramparts       Ice            ######       1%          3    None
c - Ozocubu's Armour      Chrm/Ice       ######..     3%          3    None
d - Slow                  Hex            ##......     7%          2    None
e - Summon Ice Beast      Ice/Summ       ######..     10%         4    ###....

Your spell library contained the following spells:

 Spells                   Type           Power        Failure   Level  Hunger
 Call Imp                 Summ           ###.....     3%          2    None
 Magic Dart               Conj           #...         9%          1    None
 Blink                    Tloc           N/A          13%         2    None
 Hailstorm                Conj/Ice       ######..     19%         4    ###....
 Conjure Flame            Conj/Fire      #.......     26%         3    None
 Mephitic Cloud           Conj/Pois/Air  #.......     26%         3    None
 Iskenderun's Battlesphe  Conj/Chrm      ##......     78%         5    #####..
 Bolt of Magma            Conj/Fire/Erth #.........   94%         5    #####..
 Irradiate                Conj/Tmut      #.........   94%         5    #####..
 Hydra Form               Tmut           #.........   100%        6    ######.
 Iron Shot                Conj/Erth      #.........   100%        6    ######.
 Statue Form              Tmut/Erth      #........    100%        6    ######.
 Dragon Form              Tmut           #.........   100%        7    #######
 Orb of Destruction       Conj           #.........   100%        7    #######
 Spellforged Servitor     Conj/Summ      ##........   100%        7    #######


Dungeon Overview and Level Annotations

Branches:
Dungeon (11/15)            Temple (0/1) D:7            Lair (0/6) D:8
    Orc (0/2) D:12

Altars:
Dithmenos
Elyvilon
Gozag
Hepliaklqana
Qazlal
Sif Muna
Wu Jian
Xom
The Shining One

Shops:
D:10 %

Annotations:
D:5 Menkaure
D:10 exclusion: 3 skeletal warriors
D:12 Azrael


Innate Abilities, Weirdness & Mutations

You have very sharp fingernails.
You are partially covered in icy blue scales. (AC +2)
A weak demonic guardian rushes to your aid.
You are mostly covered in sharp spines.


Message History

an ogre skeleton x2
Something hits you but does no damage.
Items here: ))))))) [[[[[ ÷÷÷÷ Something hits you.
You see here a gnoll skeleton.
You hear the steady creaking of a very distant portcullis.
Something hits you but does no damage. Something hits you.
Press: ? - help, v - describe, . - travel
Here: Azrael, wielding a +4 scimitar of flaming The floor.
Casting: Frozen Ramparts (safe; 1% risk of failure)
Confirm with . or Enter, or press ? or * to list all spells.
You feel a strong surge of power! A chill wind blows around you.
Something hits you!
* * * LOW HITPOINT WARNING * * *
The wall freezes Azrael.
Azrael gestures at you.
The sphere of damnation explodes!
The damnation engulfs you!!
You die...

###..°○○...÷..○☼.#
....☼....#######R#
..○☼.....#8...8#.#
.°....#..#....)#.#
○....#####..>.)))#
.......#.#.....#)#
.........#8...8#÷#
.........#######.#
#.............5@Y#
............#####
............##
.............#
............##
......##...##
..........##
.........##
....##.....


You could see Azrael, a friendly ice beast and a friendly quasit.

Vanquished Creatures
  Harold (D:10)
  Fannar (D:10)
  An unseen horror (D:10)
  Maggie (D:7)
  A komodo dragon (D:8)
  A troll (D:12)
  Prince Ribbit (D:5)
  2 hippogriffs
  Sigmund (D:3)
  5 fire elementals (D:12)
  2 soldier ants (D:9)
  2 orc warriors
  A black bear (D:8)
  A phantom (D:6)
  An ice beast (D:6)
  A sky beast (D:9)
  A necrophage (D:10)
  10 ogres
  5 centaurs
  2 crocodiles
  A big kobold (D:12)
  2 gnoll sergeants (D:12)
  3 bullfrogs
  A water moccasin zombie (D:5)
  5 scorpions
  A wyvern skeleton (D:9)
  4 killer bees (D:8)
  9 wights
  2 howler monkeys (D:8)
  2 crimson imps
  The ghost of harlaan the Caller, a weakling DESu (D:4)
  4 hounds
  2 centaur skeletons
  An orc priest (D:10)
  A bullfrog skeleton (D:9)
  3 iguanas
  Natasha (D:3)
  6 orc wizards
  7 worker ants
  2 hound zombies
  2 worker ant zombies
  6 adders
  5 gnolls (D:12)
  A shadow imp (D:8)
  2 oozes
  2 adder zombies
  3 worms
  2 dart slugs (D:1)
  4 leopard geckos
  33 orcs
  3 ball pythons
  5 bats
  5 giant cockroaches
  7 hobgoblins
  7 jackals
  6 quokkas
  9 frilled lizards
  7 goblins
  A jackal skeleton (D:4)
  4 kobolds
  2 leopard gecko skeletons (D:5)
  11 rats
226 creatures vanquished.

Vanquished Creatures (collateral kills)
  Sonja (D:10)
  Maurice (D:9)
  Joseph (D:10)
  3 ogres
  2 bullfrogs (D:6)
  A howler monkey (D:8)
  A jelly (D:6)
  A bullfrog skeleton (D:9)
  A worker ant (D:6)
  An orc (D:6)
13 creatures vanquished.

Vanquished Creatures (others)
  A plant (D:8)
1 creature vanquished.

Grand Total: 240 creatures vanquished

Notes
Turn   | Place    | Note
-------+----------+-------------------------------------------
     0 | D:1      | Brecoman the Demonspawn Ice Elementalist began the quest
                  | for the Orb.
     0 | D:1      | Reached XP level 1. HP: 13/13 MP: 3/3
   160 | D:1      | Gained mutation: You have sharp fingernails. [demonic
                  | ancestry]
   160 | D:1      | Reached XP level 2. HP: 13/19 MP: 0/5
   860 | D:1      | Reached XP level 3. HP: 25/25 MP: 6/6
  1078 | D:1      | Learned a level 3 spell: Frozen Ramparts
  1567 | D:2      | Reached skill level 1 in Fighting
  1702 | D:2      | Reached skill level 1 in Unarmed Combat
  2409 | D:3      | Reached XP level 4. HP: 32/32 MP: 3/8
  2590 | D:3      | Found a stormy altar of Qazlal.
  3028 | D:3      | Noticed Sigmund
  3039 | D:3      | Killed Sigmund
  3039 | D:3      | Gained mutation: A weak demonic guardian rushes to your
                  | aid. [demonic ancestry]
  3039 | D:3      | Reached XP level 5. HP: 20/39 MP: 3/10
  3039 | D:3      | Gained mutation: You have very sharp fingernails. [demonic
                  | ancestry]
  3039 | D:3      | Reached XP level 6. HP: 23/46 MP: 3/11
  3233 | D:3      | Noticed Natasha
  3238 | D:3      | Killed Natasha
  3655 | D:4      | Found a shimmering altar of Xom.
  3659 | D:4      | Found a shimmering blue altar of Sif Muna.
  3660 | D:4      | Found a hazy altar of Hepliaklqana.
  3663 | D:4      | Found an ornate altar of the Wu Jian Council.
  3697 | D:4      | Became a worshipper of Sif Muna the Loreminder
  3748 | D:4      | Found a large runed translucent door.
  3748 | D:4      | Found a large runed translucent door.
  3777 | D:4      | Noticed harlaan's ghost (weakling DESu)
  4196 | D:4      | Learned a level 3 spell: Ozocubu's Armour
  4204 | D:4      | Killed harlaan's ghost
  4240 | D:5      | Entered Level 5 of the Dungeon
  4254 | D:4      | Reached skill level 5 in Ice Magic
  4254 | D:4      | Reached XP level 7. HP: 52/52 MP: 7/12
  4371 | D:5      | Reached skill level 1 in Charms
  4417 | D:5      | Noticed Prince Ribbit
  4429 | D:5      | Killed Prince Ribbit
  4767 | D:5      | Noticed Menkaure
  4930 | D:5      | Reached skill level 1 in Invocations
  5123 | D:5      | Reached XP level 8. HP: 53/60 MP: 14/14
  5833 | D:6      | Reached * piety under Sif Muna
  6600 | D:6      | Reached skill level 5 in Spellcasting
  6776 | D:6      | HP: 1/61 [wight/cursed +1 vorpal dire flail (4)]
  7408 | D:6      | Got a pair of spiked boots
  7414 | D:6      | Identified the +2 pair of boots of the Shrike {rF+ rCorr
                  | Int+4} (You found it on level 6 of the Dungeon)
  7599 | D:6      | Reached skill level 5 in Fighting
  7599 | D:6      | Gained mutation: You are partially covered in sharp spines.
                  | [demonic ancestry]
  7599 | D:6      | Reached XP level 9. HP: 68/68 MP: 13/16
  7914 | D:7      | Found a staircase to the Ecumenical Temple.
  8055 | D:7      | Learned a level 2 spell: Slow
  8127 | D:7      | Noticed Maggie
  8146 | D:7      | Killed Maggie
  8146 | D:7      | Reached skill level 1 in Hexes
  8146 | D:7      | Reached skill level 5 in Invocations
  8473 | D:7      | Found a shadowy altar of Dithmenos.
  8571 | D:7      | Reached skill level 5 in Unarmed Combat
  9492 | D:8      | Found a staircase to the Lair.
  9493 | D:8      | Noticed a komodo dragon
  9504 | D:8      | Reached ** piety under Sif Muna
  9522 | D:8      | Killed a komodo dragon
 10438 | D:9      | Gained mutation: You are partially covered in icy blue
                  | scales. (AC +2) [demonic ancestry]
 10438 | D:9      | Reached XP level 10. HP: 65/76 MP: 9/19
 10540 | D:9      | Found a glowing golden altar of the Shining One.
 10721 | D:9      | Noticed Maurice
 10960 | D:9      | Killed Maurice
 11091 | D:9      | Found an opulent altar of Gozag.
 11350 | D:9      | Found a white marble altar of Elyvilon.
 11388 | D:9      | Learned a level 4 spell: Summon Ice Beast
 11529 | D:10     | Entered Level 10 of the Dungeon
 11548 | D:10     | Noticed Sonja
 11580 | D:10     | Got a thick robe
 11594 | D:10     | Identified the cursed +0 robe of Fun {+Fly rF+ Dex+3} (You
                  | found it on level 10 of the Dungeon)
 11735 | D:10     | Found Semowk's Food Shoppe.
 11887 | D:10     | Noticed a skeletal warrior
 11887 | D:10     | Noticed a skeletal warrior
 11887 | D:10     | Noticed a skeletal warrior
 11956 | D:10     | Noticed Joseph
 11964 | D:10     | Killed Joseph
 11964 | D:10     | Reached skill level 1 in Summonings
 12043 | D:10     | Killed an unseen horror
 12327 | D:10     | Killed Sonja
 12647 | D:10     | Noticed Harold
 12661 | D:10     | Noticed Fannar
 12667 | D:10     | Killed Harold
 12881 | D:10     | Killed Fannar
 12881 | D:10     | Gained mutation: You are mostly covered in sharp spines.
                  | [demonic ancestry]
 12881 | D:10     | Reached XP level 11. HP: 49/83 MP: 8/22
 13249 | D:11     | You fall into a shaft and drop 1 floor!
 13263 | D:12     | Found a staircase to the Orcish Mines.
 13282 | D:12     | Reached *** piety under Sif Muna
 13434 | D:12     | Noticed Azrael
 13507 | D:12     | Killed from afar by Azrael

Levels and vault maps discovered:
D:1:      elethiomel_arrival_infinity_welcomes_careful_drivers,
          layout_loops_cross, chequers_serial_rivers_small_3
D:2:      layout_loops_ring, supply_closet_lemuel, hangedman_decor_opposing,
          minmay_tiny_reverse_x
D:3:      layout_loops_cross, grunt_qazlal_sundering, first_ration,
          uniq_sigmund, uniq_natasha
D:4:      layout_cave_pools, grunt_temple_overflow_open,
          ebering_ghost_disaster_area
D:5:      layout_basic, minmay_misc_feat_secret_circle, uniq_menkaure,
          uniq_prince_ribbit1
D:6:      layout_loops_cross, palyth_stone_intersect
D:7:      layout_loops_cross, kennysheep_little_box,
          minmay_temple_entry_statues_pillars, uniq_maggie
D:8:      layout_layer_cave, david_lair_shrubbed
D:9:      layout_gridville, grunt_gozag_statues, tso_oasis_becter, basic_altar,
          hangedman_pestilent_swarm, uniq_maurice
D:10:     layout_rooms, serial_shops, nicolae_shop_trees,
          grunt_decor_resistance, minmay_liquid_box, uniq_harold, uniq_fannar,
          uniq_sonja, uniq_joseph
D:11:     layout_irregular_city, serial_shops, bzr_entry_customers,
          kennysheep_potato
D:12:     layout_cave_pools, kennysheep_orc_monster_closet_entryway,
          enter_bailey_3, minmay_misc_feat_plants, eino_jars, uniq_azrael,
          uniq_urug, uniq_jorgrun

Skill      XL: |  1  2  3  4  5  6  7  8  9 10 11 |
---------------+----------------------------------+-----
Ice Magic      | 4 5 6 7 |  7.4
Fighting       | 1 2 3 5 6 7 |  7.9
Unarmed Combat | 1 2 3 4 5 6 7 |  7.2
Spellcasting   | 3 4 5 6 7 |  7.7
Charms         | 2 3 |  3.0
Invocations    | 1 4 6 7 |  7.7
Hexes          | 1 |  1.5
Summonings     | 3 |  3.0
Dodging        | 2 3 |  3.0
Stealth        | |  1.7

Action                   |  1- 3 |  4- 6 |  7- 9 | 10-12 || total
-------------------------+-------+-------+-------+-------++-------
Melee: Unarmed           |    36 |    61 |   288 |   215 ||   600
       Punch             |       |     1 |     4 |     3 ||     8
Throw: Stone             |       |       |     3 |       ||     3
 Cast: Freeze            |    69 |    15 |    11 |       ||    95
       Frozen Ramparts   |     1 |     5 |    13 |    18 ||    37
       Ozocubu's Armour  |       |       |     2 |     6 ||     8
       Slow              |       |       |     4 |     1 ||     5
       Summon Ice Beast  |       |       |       |     6 ||     6
  Use: Scroll            |       |       |    13 |    11 ||    24
 Stab: Sleeping          |     1 |       |     3 |     2 ||     6
       Distracted        |       |       |     1 |     2 ||     3
  Eat: Chunk             |     5 |     6 |    10 |     8 ||    29
       Ration            |       |       |     3 |     1 ||     4
Armor: Robe              |     4 |       |       |       ||     4
       Leather armour    |    19 |    13 |    30 |       ||    62
       Steam dragon scal |       |       |    20 |   140 ||   160
Dodge: Dodged            |    46 |    48 |   124 |   100 ||   318

Table legend:
 A = Non-vault XP
 B = Vault XP
 C = Vault XP percentage of total XP
 D = Non-vault monster count
 E = Vault monster count
 F = Vault count percentage of total count
                 A         B        C        D         E       F
            +---------+---------+-------+---------+---------+-------
      Total |    6639 |    6907 |  51.0 |     197 |      42 |  17.6
            +---------+---------+-------+---------+---------+-------
        D:1 |      50 |       0 |   0.0 |      26 |       0 |   0.0
        D:2 |      36 |       4 |  10.0 |      18 |       2 |  10.0
        D:3 |     114 |     243 |  68.1 |      25 |       2 |   7.4
        D:4 |     248 |      46 |  15.6 |      13 |       1 |   7.1
        D:5 |     464 |     245 |  34.6 |      18 |       1 |   5.3
        D:6 |    1560 |       0 |   0.0 |      32 |       0 |   0.0
        D:7 |     571 |     412 |  41.9 |      12 |       1 |   7.7
        D:8 |    1078 |     367 |  25.4 |      20 |       1 |   4.8
        D:9 |     951 |     744 |  43.9 |      18 |       5 |  21.7
       D:10 |    1477 |    2537 |  63.2 |      14 |       4 |  22.2
       D:12 |      90 |    2309 |  96.2 |       1 |      25 |  96.2
            +---------+---------+-------+---------+---------+-------
